 Dungeon Crawl Stone Soup version 0.29.1-4-g47bece8355 (webtiles) character file.

Game seed: 18247379765270012991

23 ChadusMaximus the Caller (level 3, 0/36 HPs)
             Began as a Human Summoner on Dec 7, 2022.
             Slain by an adder (1 damage)
             ... on level 2 of the Dungeon.
             The game lasted 00:02:06 (2059 turns).

ChadusMaximus the Caller (Human Summoner)           Turns: 2059, Time: 00:02:06

Health: 0/36       AC:  2    Str:  8    XL:     3   Next: 10%
Magic:  2/6        EV: 12    Int: 17    God:
Gold:   70         SH:  0    Dex: 13    Spells: 2/6 levels left

rFire   . . .      SeeInvis .   f - +0 short sword
rCold   . . .      Faith    .   (no shield)
rNeg    . . .      Spirit   .   a - +0 robe
rPois   .          Reflect  .   (no helmet)
rElec   .          Harm     .   (no cloak)
rCorr   .          Rampage  .   (no gloves)
Will    .....                   (no boots)
Stlth   ..........              (no amulet)
HPRegen 0.12/turn               (no ring)
MPRegen 0.10/turn               (no ring)

@: berserking, lethally poisoned (0 -> -5), very quick
A: no striking features
a: no special abilities


You were on level 2 of the Dungeon.
You visited 1 branch of the dungeon, and saw 2 of its levels.

You collected 70 gold pieces.

Inventory:

Hand Weapons
 f - a +0 short sword (weapon)
Armour
 a - a +0 robe (worn)
 e - a +0 leather armour
Scrolls
 c - 2 scrolls of enchant weapon {unknown}
 d - a scroll of enchant armour {unknown}
 g - a scroll of torment {unknown}
 h - a scroll of blinking {unknown}
Potions
 b - a potion of magic
 j - a potion of heal wounds {unknown}


   Skills:
 - Level 2.1 Dodging
 - Level 2.1 Stealth
 + Level 2.3 Spellcasting
 * Level 4.4 Summonings


You had 2 spell levels left.
You knew the following spells:

 Your Spells              Type           Power      Damage    Failure   Level
a - Summon Small Mammal   Summ           68%        N/A       3%          1
b - Call Canine Familiar  Summ           17%        N/A       9%          3

Your spell library contained the following spells:

 Spells                   Type           Power      Damage    Failure   Level
 Call Imp                 Summ           17%        N/A       4%          2
 Summon Guardian Golem    Hex/Summ       9%         N/A       22%         3
 Summon Lightning Spire   Summ/Air       9%         N/A       58%         4


Dungeon Overview and Level Annotations

Branches:
Dungeon (2/15)

Altars:


Message History

You are more poisoned.
The adder poisons you!
Your bat barely misses the adder.
The adder attacks as you move away! The adder barely misses you.
You feel sick.
Your bat hits the adder but does no damage.
Your hound barely misses the adder.
Your quokka bites the adder.
You feel sick.
Your bat misses the adder. The adder barely misses you.
Your hound barely misses the adder.
You see here a ball python corpse.
The adder attacks as you move away! The adder misses you.
You feel sick.
Your hound barely misses the adder.
Your bat hits the adder. The adder bites your bat.
Your bat is poisoned.
The adder poisons your bat!
Your quokka bites the adder.
Your bat barely misses the adder.
Your hound misses the adder.
You feel sick.
Your bat closely misses the adder.
Your quokka barely misses the adder. x2
You see here a bat corpse.
The adder attacks as you move away! The adder bites you.
* * * LOW HITPOINT WARNING * * *
You are lethally poisoned!
The adder poisons you!
* * * LOW HITPOINT WARNING * * *
You feel sick.
Your bat hits the adder.
It was a potion of berserk rage.
A red film seems to cover your vision as you go berserk!
You feel yourself moving faster!
You feel mighty!
* * * LOW HITPOINT WARNING * * *
You feel sick.
Your bat closely misses the adder.
The adder barely misses you.
Your quokka closely misses the adder.
You feel a strong urge to attack something.
* * * LOW HITPOINT WARNING * * *
You feel sick.
Your bat misses the adder. The adder bites you.
* * * LOW HITPOINT WARNING * * *
Your hound closely misses the adder.
Your quokka closely misses the adder.
You hit the adder.
The adder is severely wounded.
* * * LOW HITPOINT WARNING * * *
You feel sick.
Your bat barely misses the adder.
Your hound closely misses the adder.
The adder bites you.
You die...

.# .# ##...P≈≈~~. .# #.#
#...PP≈≈~~.. .# #.#
#.#.~~≈≈≈≈... .# #.#
##...~~≈≈≈P... .#
####.###$...~~≈≈≈~≈P.
.####....##......P~~≈≈~~.
..................~P≈≈~.~
......>...........~~~≈~~~
..####.#.###...h@.~.~≈≈~~
#.# #....!...†rSb†.P~≈≈≈
#.# ###.#########.~.~≈~≈
#.# #.# ..P..≈≈ #.# #.#
....~.~ ..# #.# ..#..P.
### ... #...... ...
.#.... .. .## #.


You could see an adder (ally target), a friendly hound (summoned), a friendly
quokka (summoned) and a friendly bat (summoned, very poisoned).

Vanquished Creatures
  An endoplasm (D:2)
  A giant cockroach (D:1)
  A frilled lizard (D:1)
  2 kobolds
  4 rats
9 creatures vanquished.

Vanquished Creatures (collateral kills)
  A ball python (D:2)
  A bat (D:2)
  An endoplasm (D:1)
  2 giant cockroaches
  A goblin (D:1)
  A hobgoblin (D:1)
  2 kobolds (D:1)
  2 frilled lizards (D:1)
  2 rats (D:1)
13 creatures vanquished.

Vanquished Creatures (others)
  5 plants (D:2)
5 creatures vanquished.

Grand Total: 27 creatures vanquished

Notes
Turn   | Place    | Note
-------+----------+-------------------------------------------
     0 | D:1      | ChadusMaximus the Human Summoner began the quest for the
                  | Orb.
     0 | D:1      | Reached XP level 1. HP: 13/13 MP: 3/3
   742 | D:1      | Reached XP level 2. HP: 11/19 MP: 1/5
  1987 | D:2      | Reached XP level 3. HP: 21/24 MP: 3/6
  2044 | D:2      | Learned a level 3 spell: Call Canine Familiar
  2059 | D:2      | HP: 1/36 [poisoned by an adder]
  2059 | D:2      | Slain by an adder

Illustrated notes

Levels and vault maps discovered:
D:1:      dpeg_arrival_castle, layout_loops_ring
D:2:      layout_loops_ring, shapermc_ecumenical_altar_totnotflames,
          chequers_big_river

Action                   || total
-------------------------++-------
Melee: Unarmed           ||     9
       Short sword       ||    40
 Cast: Summon Small Mamm ||    28
       Call Canine Famil ||     1
  Use: Potion            ||     1
 Stab: Sleeping          ||     3
       Distracted        ||     1
Armor: Robe              ||     9
Dodge: Dodged            ||    33
